 Dungeon Crawl Stone Soup version 0.30-b1-2-g02819fbbbe (webtiles) character file.

Game seed: 13722896743364127468

79 erloom the Ruffian (level 4, -2/35 HPs)
             Began as a Draconian Transmuter on May 16, 2023.
             Slain by a gnoll
             ... wielding a +0 flail
              (6 damage)
             ... on level 1 of the Dungeon.
             The game lasted 00:03:13 (1489 turns).

erloom the Ruffian (Draconian Transmuter)           Turns: 1489, Time: 00:03:13

Health: -2/35      AC:  5    Str: 13    XL:     4   Next: 16%
Magic:  7/7        EV: 12    Int: 15    God:
Gold:   64         SH:  0    Dex: 11    Spells: 6/7 levels left

rFire   . .          .
                       - Unarmed
rCold   . . .        (no shield)
rNeg    + . .        (body armour unavailable)
rPois   .            (helmet currently unavailable)
rElec   .            (no cloak)
rCorr   +            (no gloves)
SInv    .            (boots currently unavailable)
Will    .....        (no amulet)
Stlth   +            e - ring of positive energy
HPRegen 0.25/turn    j - ring of resist corrosion
MPRegen 0.10/turn

%: no passive effects
@: appendages (expiring)
A: horns 2, talons 2, AC +5, unfitting armour, cold-blooded
a: End Transformation


You were on level 1 of the Dungeon.
You had temporarily grown beastly horns and talons.
You visited 1 branch of the dungeon, and saw 2 of its levels.

You collected 64 gold pieces.

Inventory:

Missiles
 g - 4 poisoned darts
 p - 8 stones
Armour
 r - a +0 kite shield
Jewellery
 e - a ring of positive energy (left hand)
 j - a ring of resist corrosion (right hand)
 o - a ring of see invisible
Scrolls
 b - a scroll of torment {unknown}
 c - 2 scrolls of immolation {unknown}
 f - 4 scrolls of identify {unknown}
 h - 2 scrolls of teleportation {unknown}
 n - a scroll of fear {unknown}
Potions
 a - a potion of lignification
 d - a potion of attraction {unknown}
 i - a potion of haste {unknown}
 k - a potion of berserk rage {unknown}
 l - a potion of experience {unknown}
 m - a potion of flight {unknown}
 q - a potion of mutation {unknown}


   Skills:
 - Level 1.1 Fighting
 - Level 1.7 Dodging
 - Level 5.0 Unarmed Combat
 - Level 2.0 Spellcasting
 + Level 2.2 Transmutations


You had 6 spell levels left.
You knew the following spells:

 Your Spells              Type           Power      Damage    Failure   Level
a - Beastly Appendage     Tmut           16%        N/A       9%          1

Your spell library contained the following spells:

 Spells                   Type           Power      Damage    Failure   Level
 Wereblood                Tmut           8%         N/A       14%         2
 Blink                    Tloc           2%         N/A       32%         2
 Lesser Beckoning         Tloc           2%         N/A       32%         2
 Momentum Strike          Conj/Tloc      2%         3d8       32%         2
 Spider Form              Tmut/Pois      4%         N/A       38%         3
 Ice Form                 Ice/Tmut       4%         N/A       80%         4


Dungeon Overview and Level Annotations

Branches:
Dungeon (2/15)

Altars:

Shops:
D:1 *   D:2 (


Innate Abilities, Weirdness & Mutations

You have temporarily grown beastly horns and talons.
Your plain brown scales are hard. (AC +5)
You cannot fit into any form of body armour.
You are cold-blooded and may be slowed by cold attacks.


Message History

You hit the gnoll. You headbutt the gnoll.
The gnoll is heavily wounded.
The gnoll barely misses you. The gnoll hits you with a +0 spear.
You barely miss the gnoll. You claw the gnoll.
The gnoll is almost dead.
You hit the gnoll.
You kill the gnoll!
The gnoll closely misses you.
Training target 5.0 for Unarmed Combat reached!
Your Unarmed Combat skill increases to level 5!
You need to enable at least one skill for training.
You closely miss the gnoll. Your punch misses the gnoll.
The gnoll hits you with a +0 flail!
You closely miss the gnoll. You claw the gnoll, but do no damage.
You headbutt the gnoll.
The gnoll is lightly wounded.
The gnoll hits you with a +0 flail.
You closely miss the gnoll.
The gnoll is lightly wounded.
The gnoll barely misses you.
You hit the gnoll.
The gnoll is heavily wounded.
The gnoll hits you with a +0 flail.
You hit the gnoll but do no damage. Your kick misses the gnoll.
You tail-slap the gnoll, but do no damage.
The gnoll is heavily wounded.
The gnoll hits you with a +0 flail.
* * * LOW HITPOINT WARNING * * *
You hit the gnoll. Your headbutt misses the gnoll.
Your tail-slap misses the gnoll.
Your punch misses the gnoll.
The gnoll is almost dead.
The gnoll hits you with a +0 flail.
* * * LOW HITPOINT WARNING * * *
Things that are here:
a +0 spear; a gnoll corpse Your transformation is almost over.
You see here 8 stones.
The gnoll attacks as you move away! The gnoll completely misses you.
The gnoll attacks as you move away! The gnoll hits you with a +0 flail.
You die...

..######......###.....#
#........###.####.....#
#.##########.##.......#
..#######.......#.....#
..........##..........#
###############.....>.# ##
#...###### .###
#.#.)..##### ...#
#..@.......#
...###########..g.......#
##..............(.......#
#######.###....)........#
##........#.#.>.....>(..#
##......................#
##.........###########.####
##.....#.#.## #....#
............# ####.#


You could see a gnoll.

Vanquished Creatures
  A gnoll (D:1)
  3 adders (D:2)
  A worm (D:2)
  2 dart slugs (D:1)
  5 ball pythons
  4 endoplasms (D:1)
  4 giant cockroaches
  2 goblins
  3 hobgoblins
  A quokka (D:2)
  3 bats
  2 frilled lizards (D:2)
  5 rats
36 creatures vanquished.

Notes
Turn   | Place    | Note
-------+----------+-------------------------------------------
     0 | D:1      | erloom the Draconian Transmuter began the quest for the
                  | Orb.
     0 | D:1      | Reached XP level 1. HP: 16/16 MP: 3/3
   159 | D:1      | Reached XP level 2. HP: 23/23 MP: 5/5
   344 | D:1      | Reached skill level 4 in Unarmed Combat
   386 | D:1      | Found Zipnul's Assorted Antiques.
   706 | D:2      | Reached XP level 3. HP: 19/28 MP: 6/6
   759 | D:2      | Identified the +5 chain mail of the Nexus {rN+}
  1225 | D:2      | Reached XP level 4. HP: 35/35 MP: 7/7
  1233 | D:2      | Found Xuirif's Weapon Shop.
  1234 | D:2      | Noticed a +0 executioner's axe
  1234 | D:2      | Noticed a +0 executioner's axe
  1479 | D:1      | Reached skill level 5 in Unarmed Combat
  1489 | D:1      | Slain by a gnoll

Illustrated notes

Levels and vault maps discovered:
D:1:      ncdulo_halloftheorcs, layout_rooms, serial_shops, shop
D:2:      layout_loops_corners, serial_shops, nicolae_shop_mannequins

Skill      XL: |  1  2  3  4 |
---------------+-------------+-----
Unarmed Combat | 4 5 |  5.0
Fighting       | |  1.1
Dodging        | |  1.7
Spellcasting   | |  2.0
Transmutations | |  2.2

Action                     |  1- 3 |  4- 6 || total
---------------------------+-------+-------++-------
  Melee: Unarmed           |   117 |    10 ||   127
         Tailslap          |    15 |     1 ||    16
         Punch             |     2 |       ||     2
         Headbutt          |     3 |     2 ||     5
         Kick              |     1 |     2 ||     3
   Cast: Beastly Appendage |     1 |     1 ||     2
   Stab: Sleeping          |     2 |       ||     2
 Armour: Skin              |    43 |     2 ||    45
  Dodge: Dodged            |    57 |     8 ||    65
